 Dungeon Crawl Stone Soup version 0.28.0 (webtiles) character file.

Game seed: 5030476855929152242

25 SnakkuSnakku7 the Skirmisher (level 3, 0/34 HPs)
             Began as a Hill Orc Fighter on Feb 16, 2022.
             Succumbed to a kobold's poison
             ... on level 2 of the Dungeon.
             The game lasted 00:00:52 (985 turns).

SnakkuSnakku7 the Skirmisher (Hill Orc Fighter)      Turns: 985, Time: 00:00:52

Health: 0/34       AC: 11    Str: 20    XL:     3   Next: 6%
Magic:  3/3        EV:  5    Int:  8    God:
Gold:   70         SH:  4    Dex: 10    Spells: 2/2 levels left

rFire   . . .      SeeInvis .   a - +0 war axe
rCold   . . .      Faith    .   c - +0 buckler
rNeg    . . .      Spirit   .   f - +0 plate armour
rPois   .          Reflect  .   (no helmet)
rElec   .          Harm     .   (no cloak)
rCorr   .          Rampage  .   (no gloves)
Will    .....                   (no boots)
Stlth   ..........              (no amulet)
HPRegen 0.11/turn               (no ring)
MPRegen 0.08/turn               (no ring)

@: lethally poisoned (0 -> -4)
A: no striking features
a: no special abilities


You were on level 2 of the Dungeon.
You visited 1 branch of the dungeon, and saw 2 of its levels.

You collected 70 gold pieces.

Inventory:

Hand Weapons
 a - a +0 war axe (weapon)
Armour
 b - a +0 scale mail
 c - a +0 buckler (worn)
 f - a +0 plate armour (worn)
Scrolls
 e - 2 scrolls of identify {unknown}
 g - a scroll of summoning {unknown}
 h - a scroll of vulnerability {unknown}
Potions
 d - a potion of might


   Skills:
 + Level 4.3 Fighting
 + Level 3.7 Axes
 - Level 3.2 Armour
 - Level 3.2 Shields


You had 2 spell levels left.
You didn't know any spells.
Your spell library contained the following spells:

 Spells                   Type           Power      Damage    Failure   Level
 Blink                    Tloc           0%         N/A       100%        2
 Dazzling Flash           Conj/Hex       0%         N/A       100%        3
 Lesser Beckoning         Tloc           0%         N/A       100%        3
 Iskenderun's Mystic Bla  Conj/Tloc      0%         2d3       100%        4
 Manifold Assault         Tloc           0%         N/A       100%        5
 Starburst                Conj/Fire      0%         6d3       100%        6


Dungeon Overview and Level Annotations

Branches:
Dungeon (2/15)

Altars:


Message History

You hit the adder.
You kill the adder!
You feel sick.
You have reached level 3!
Your experience leads to an increase in your attributes!
Increase (S)trength, (I)ntelligence, or (D)exterity?
You feel stronger. x2
You feel sick.
You start resting.
You feel sick.
You are no longer poisoned.
You start resting.
A kobold comes into view.
It is wielding a +1 dagger of venom and quivering poisoned darts.
You see here a ball python corpse.
A kobold is nearby!
A kobold is nearby!
The kobold shouts!
You barely miss the kobold. The kobold hits you but does no damage.
You are poisoned.
You closely miss the kobold.
You feel very sick.
The kobold hits you but does no damage. x2
You are lethally poisoned!
You closely miss the kobold.
You feel very sick.
The kobold hits you with a +1 dagger of venom.
* * * LOW HITPOINT WARNING * * *
You hit the kobold.
You kill the kobold!
* * * LOW HITPOINT WARNING * * *
You feel very sick.
* * * LOW HITPOINT WARNING * * *
You feel sick.
* * * LOW HITPOINT WARNING * * *
You feel sick.
Found a scroll labelled XOGIDI KOUKLI.
* * * LOW HITPOINT WARNING * * *
You feel sick.
* * * LOW HITPOINT WARNING * * *
You feel sick.
You die...

#. ####.##.##.....##
## #.##.##......# #.
#.##.##.#####.# #..
###(.......# #?..
#....†.....#
##...###.##.#..##.#
.........##.#..##.###
..........†.##.#.....
.......@.##..)....##
##...###)...<..#.##
#. ####......#
####.### #... #####


There were no monsters in sight!

Vanquished Creatures
  An adder (D:2)
  3 ball pythons
  2 bats (D:1)
  2 endoplasms
  2 goblins (D:1)
  A hobgoblin (D:2)
  2 frilled lizards
  3 kobolds
  A rat (D:1)
17 creatures vanquished.

Notes
Turn   | Place    | Note
-------+----------+-------------------------------------------
     0 | D:1      | SnakkuSnakku7 the Hill Orc Fighter began the quest for the
                  | Orb.
     0 | D:1      | Reached XP level 1. HP: 19/19 MP: 1/1
   426 | D:1      | Reached skill level 4 in Fighting
   426 | D:1      | Reached XP level 2. HP: 21/27 MP: 2/2
   970 | D:2      | Reached XP level 3. HP: 20/34 MP: 3/3
   984 | D:2      | HP: 1/34 [poisoned by a kobold]
   985 | D:2      | Succumbed to a kobold's poison

Illustrated notes

Levels and vault maps discovered:
D:1:      denvon_arrival_waterhouse, layout_basic, serial_forest,
          infiniplex_forest_straight_4, infiniplex_forest_lined_room_3,
          infiniplex_forest_corner_1, infiniplex_forest_lined_2,
          infiniplex_forest_lined_3, infiniplex_forest_end_1,
          infiniplex_forest_end_2, infiniplex_forest_straight_2,
          infiniplex_forest_end_2, infiniplex_forest_clump_tiny,
          chequers_serial_rivers_micro_d, chequers_serial_rivers_small_a,
          grunt_decor_fettered
D:2:      layout_loops_cross, serial_shops, shop_fountains, minmay_tromino_v4_b

Skill      XL: |  1 |
---------------+----+-----
Axes           | 3 |  3.7
Fighting       | 4 |  4.3
Armour         | |  3.2
Shields        | |  3.2

Action                   || total
-------------------------++-------
Melee: War axe           ||    46
Armor: Scale mail        ||     6
       Plate armour      ||    25
Dodge: Dodged            ||    19
Block: Buckler           ||     9
